 Dungeon Crawl Stone Soup version 0.28.0-43-g3370ac3207 (webtiles) character file.

Game seed: 9374478620703391973

56968 suse60 the Warrior (level 14, -9/136 HPs)
             Began as a Minotaur Fighter on Mar 1, 2022.
             Was a High Priest of Makhleb.
             Mangled by a spriggan berserker
             ... wielding a +2 antimagic hand axe
              (20 damage)
             ... on level 1 of the Swamp on Mar 4, 2022.
             The game lasted 03:28:18 (21998 turns).

suse60 the Warrior (Minotaur Fighter)              Turns: 21998, Time: 03:28:19

Health: -9/136     AC: 25    Str: 22    XL:     14   Next: 44%
Magic:  1/4        EV: 26    Int:  5    God:    Makhleb [*****.]
Gold:   868        SH: 13    Dex: 14    Spells: 13/13 levels left

rFire   + . .      SeeInvis .   C - +8 mace of Junto {antimagic, rC+ rN+ Stlth+}
rCold   + . .      Faith    .   s - +2 kite shield
rNeg    + . .      Spirit   .   J - +4 plate armour
rPois   .          Reflect  .   (helmet restricted)
rElec   .          Harm     .   u - +0 cloak
rCorr   .          Rampage  .   (no gloves)
Will    ++...                   x - +1 pair of boots
Stlth   ..........              b - amulet of the acrobat
HPRegen 0.32/turn               k - ring of willpower
MPRegen 0.09/turn               K - ring of protection from fire

@: acrobatic
A: horns 2, retaliatory headbutt, mutation resistance 1
a: Renounce Religion, Minor Destruction, Lesser Servant of Makhleb, Major
Destruction, Greater Servant of Makhleb


You were on level 1 of the Swamp.
You worshipped Makhleb.
Makhleb was extremely pleased with you.
You visited 4 branches of the dungeon, and saw 17 of its levels.

You collected 868 gold pieces.

Inventory:

Hand Weapons
 v - a +0 vorpal war axe
 C - the +8 mace of Junto (weapon) {antimagic, rC+ rN+ Stlth+}
   (You found it on level 6 of the Dungeon)

   It reduces the magical energy of the wielder, and disrupts the spells and
   magical abilities of those it strikes.
   Natural abilities and divine invocations are not affected.
   rC:        It protects you from cold.
   rN:        It protects you from negative energy.
   Stlth:     It makes you more stealthy.
 H - a +4 hand axe of flaming
Missiles
 c - 3 throwing nets
 i - 16 poisoned darts
 t - 4 datura-tipped darts
Armour
 d - a +0 robe
 o - an orb of light
 s - a +2 kite shield (worn)
 u - a +0 cloak (worn)
 x - a +1 pair of boots (worn)
 J - a +4 plate armour (worn)
Jewellery
 b - an amulet of the acrobat (around neck)
 f - a ring of poison resistance
 k - a ring of willpower (left hand)
 l - a ring of flight
 K - a ring of protection from fire (right hand)
Wands
 q - a wand of flame (75)
 r - a wand of iceblast (19) (quivered)
 I - a wand of mindburst (7)
Scrolls
 a - 2 scrolls of fog
 e - 3 scrolls of fear
 p - a scroll of noise {unknown}
 y - a scroll of silence {unknown}
 G - a scroll of summoning {unknown}
Potions
 h - a potion of resistance
 j - a potion of haste
 m - 2 potions of mutation
 w - 4 potions of curing
 z - a potion of flight
 A - a potion of brilliance
 F - a potion of cancellation


   Skills:
 + Level 15.7 Fighting
 - Level 6.6(11.0) Axes
 - Level 13.6(14.2) Maces & Flails
 + Level 15.7 Armour
 + Level 12.7 Dodging
 + Level 8.7 Shields


You had 13 spell levels left.
You didn't know any spells.
Your spell library contained the following spells:

 Spells                   Type           Power      Damage    Failure   Level
 Ensorcelled Hibernation  Hex/Ice        0%         N/A       100%        2
 Gell's Gravitas          Tloc           0%         N/A       100%        3
 Lesser Beckoning         Tloc           0%         N/A       100%        3
 Spider Form              Tmut/Pois      0%         N/A       100%        3
 Teleport Other           Tloc           0%         N/A       100%        3
 Anguish                  Hex/Necr       0%         N/A       100%        4
 Cause Fear               Hex            0%         N/A       100%        4
 Fulminant Prism          Conj/Hex       0%         3d6       100%        4
 Iskenderun's Mystic Bla  Conj/Tloc      0%         2d3       100%        4
 Olgreb's Toxic Radiance  Pois           0%         N/A       100%        4
 Lee's Rapid Deconstruct  Erth           0%         3d5*      100%        5
 Conjure Ball Lightning   Conj/Air       0%         3x3d6     100%        6
 Dragon Form              Tmut           0%         N/A       100%        7
 Ozocubu's Refrigeration  Ice            0%         4d5       100%        7
 Discord                  Hex            0%         N/A       100%        8
 Disjunction              Tloc           0%         N/A       100%        8
 Ignition                 Fire           0%         3d3       100%        8
 Dragon's Call            Summ           0%         N/A       100%        9


Dungeon Overview and Level Annotations

Branches:
Dungeon (8/15)             Temple (1/1) D:7            Lair (6/6) D:8
  Swamp (2/4) Lair:2       Spider (0/4) Lair:4        Slime (0/5) Lair:6

Altars:
Elyvilon
Fedhas
Makhleb
Ru
Xom
Yredelemnul
Zin
Jiyva
Lugonu

Portals:
Abyss: Lair:6

Annotations:
Lair:1 2 transporters, robertstho's ghost, journeyman MiBe


Innate Abilities, Weirdness & Mutations

You have a pair of horns on your head.
You reflexively headbutt those who attack you in melee.
You are somewhat resistant to further mutation.


Message History

The spriggan berserker mumbles some strange prayers to Trog.
The spriggan berserker goes berserk!
The will-o-the-wisp gestures.
The will-o-the-wisp conjures some foxfire!
The spriggan air mage casts a spell at you.
The bolt of lightning misses you.
The bolt of lightning hits the foxfire!!
The mangrove smoulders and burns. 2 foxfires come into view.
The foxfire hits you. You resist.
You block the spriggan berserker's attack.
The spriggan berserker splashes around in the water.
The polar bear misses you. You block the polar bear's attack.
The polar bear claws you but does no damage.
The spriggan rider hits you but does no damage.
The spriggan berserker misses you.
The spriggan berserker splashes around in the water.
The foxfire hits you but does no damage.
You resist.
The polar bear bites you but does no damage.
The polar bear completely misses you. The polar bear closely misses you.
There is a stone staircase leading up here.
The spriggan air mage waves its arms in wide circles.
The air twists around and strikes you!
The spriggan berserker hits you with a +2 antimagic hand axe!!
* * * LOW HITPOINT WARNING * * *
You block the spriggan berserker's attack.
The polar bear bites you!
* * * LOW HITPOINT WARNING * * *
The polar bear claws you but does no damage.
You block the polar bear's attack.
The spriggan rider hits you but does no damage.
You climb upwards.
The polar bear is no longer berserk.
The polar bear disappears in a puff of smoke!
There is a stone staircase leading down here.
The spriggan berserker misses you. You furiously retaliate!
You headbutt the spriggan berserker! The spriggan berserker misses you.
The spriggan berserker rages.
The spriggan berserker hits you with a +2 antimagic hand axe!!
You die...

..♣.≈≈.≈≈.♣♣...####.##..♣
≈.≈...♣≈≈|.♣...........♣♣
≈.≈♣≈≈≈≈≈...≈.........♣♣
.≈≈≈♣♣≈≈≈♣...§≈≈♣♣|.♣♣♣
♣≈.....≈.♣♣.≈..≈.≈..♣
♣♣♣♣♣♣.♣..♣♣≈≈≈..≈≈♣♣
...≈./<≈≈≈♣♣♣≈.≈§≈.♣
≈≈≈≈≈..≈≈..♣♣♣.....♣
.≈≈≈§≈♣♣≈♣..♣.≈≈@.♣♣
♣♣♣♣.♣♣♣♣♣♣§≈>ii≈.♣ ♣♣♣
♣♣♣...≈♣♣ ♣♣♣♣♣♣


You could see 2 spriggan berserkers.

Vanquished Creatures
  A fenstrider witch (Swamp:1)
  A broodmother (shapeshifter) (Lair:6)
  An eleionoma (Swamp:1)
  A bunyip (Lair:2)
  A shambling mangrove (Swamp:1)
  Harold (D:8)
  9 hydras
  2 alligators
  3 death yaks
  3 thrashing horrors
  4 bog bodies (Lair:2)
  2 large abominations (Lair:6)
  2 ugly things (Lair:6)
  A will-o-the-wisp (Swamp:1)
  4 elephants (Lair:5)
  A cyclops (D:7)
  3 smoke demons (Lair:6)
  An elephant (shapeshifter) (Lair:6)
  4 torpor snails
  A black mamba (Lair:6)
  14 cane toads
  Psyche (D:8)
  2 rime drakes
  14 komodo dragons
  An ancient zyme (Lair:6)
  3 tyrant leeches
  A troll (D:6)
  2 hornets (Swamp:1)
  2 polar bears
  17 blink frogs
  6 dream sheep
  2 jumping spiders (Lair:4)
  13 small abominations (Lair:6)
  57 yaks
  2 spriggans
  2 wyverns
  6 basilisks
  Eustachio (D:6)
  A redback (Lair:4)
  2 chaos spawn (Lair:6)
  4 swamp worms
  5 wargs
  An acid dragon (D:8)
  Edmund (D:5)
  10 water moccasins
  3 black bears
  2 orc warriors (D:7)
  4 boggarts (Lair:4)
  7 ogres
  5 wolves
  A centaur (D:6)
  A phantom (D:4)
  2 kobold brigands (D:7)
  12 bullfrogs
  5 gnoll sergeants (D:7)
  4 scorpions
  3 killer bees (D:7)
  10 howler monkeys (D:7)
  4 wights (D:7)
  3 electric eels
  3 crimson imps (D:6)
  2 bullfrog zombies (D:5)
  9 orc priests
  2 centaur zombies
  A gnoll shaman (D:7)
  4 jellies
  3 centaur skeletons
  7 hounds
  Ijyb (D:4)
  3 iguanas
  13 orc wizards
  4 hell rats (Lair:3)
  A killer bee zombie (D:5)
  6 gnolls (D:7)
  3 adders
  2 white imps
  An adder skeleton (D:4)
  2 worms
  26 orcs
  3 ball pythons
  A bat (D:1)
  9 endoplasms
  A giant cockroach (D:1)
  11 hobgoblins
  5 kobolds
  2 quokkas
  4 goblins
  9 rats
420 creatures vanquished.

Vanquished Creatures (others)
  A bloated husk (Swamp:1)
  2 bushes
  10 foxfires
  42 fungi
  47 plants
102 creatures vanquished.

Grand Total: 522 creatures vanquished

Notes
Turn   | Place    | Note
-------+----------+-------------------------------------------
     0 | D:1      | suse60 the Minotaur Fighter began the quest for the Orb.
     0 | D:1      | Reached XP level 1. HP: 19/19 MP: 0/0
   262 | D:1      | Reached XP level 2. HP: 27/27 MP: 1/1
   444 | D:1      | Found a faded altar of an unknown god.
  1362 | D:2      | Reached XP level 3. HP: 28/33 MP: 2/2
  1724 | D:3      | Reached XP level 4. HP: 41/41 MP: 3/3
  1736 | D:3      | Noticed a black bear
  1872 | D:4      | Noticed Ijyb
  1878 | D:4      | Killed Ijyb
  1886 | D:4      | Reached XP level 5. HP: 30/47 MP: 4/4
  2156 | D:4      | Found a sacrificial altar of Ru.
  2156 | D:4      | Noticed a phantom
  2188 | D:3      | Found a white marble altar of Elyvilon.
  2507 | D:3      | Killed a black bear
  2508 | D:3      | Reached skill level 5 in Fighting
  2508 | D:3      | Reached skill level 5 in Armour
  2508 | D:3      | Reached skill level 5 in Shields
  2508 | D:3      | Reached XP level 6. HP: 54/56 MP: 5/5
  2931 | D:3      | Found a basalt altar of Yredelemnul.
  2931 | D:3      | Found a blossoming altar of Fedhas.
  3351 | D:5      | Entered Level 5 of the Dungeon
  3419 | D:5      | Gained mutation: You are somewhat resistant to further
                  | mutation. [potion of mutation]
  3701 | D:5      | Reached XP level 7. HP: 60/62 MP: 6/6
  3730 | D:5      | Reached skill level 5 in Axes
  4309 | D:5      | Noticed Edmund
  4325 | D:5      | Killed Edmund
  4681 | D:6      | Reached XP level 8. HP: 41/71 MP: 7/7
  4946 | D:6      | Noticed a troll
  4963 | D:6      | Killed a troll
  5252 | D:6      | Identified the +8 mace of Junto {antimagic, rC+ rN+ Stlth+}
  5277 | D:6      | Found a shimmering altar of Xom.
  5394 | D:6      | Reached skill level 1 in Maces & Flails
  5607 | D:6      | Noticed Eustachio
  5617 | D:6      | Killed Eustachio
  5745 | D:7      | Reached skill level 1 in Dodging
  5757 | D:7      | Reached XP level 9. HP: 75/81 MP: 2/8
  5796 | D:7      | Found a staircase to the Ecumenical Temple.
  5803 | Temple   | Entered the Ecumenical Temple
  5810 | Temple   | Became a worshipper of Makhleb the Destroyer
  6569 | D:7      | Reached skill level 5 in Maces & Flails
  6879 | D:7      | Reached * piety under Makhleb
  7274 | D:7      | Reached XP level 10. HP: 78/91 MP: 3/9
  7582 | D:7      | Reached skill level 5 in Dodging
  7921 | D:7      | Noticed a cyclops
  8144 | D:7      | Killed a cyclops
  8166 | D:7      | Reached skill level 10 in Armour
  8205 | D:7      | Reached skill level 10 in Fighting
  8495 | D:8      | Noticed Harold
  8834 | D:8      | Noticed Psyche
  8848 | D:8      | Killed Psyche
  8955 | D:8      | Killed Harold
  9080 | D:8      | Reached ** piety under Makhleb
  9455 | D:8      | Found a staircase to the Lair.
  9855 | Lair:1   | Entered Level 1 of the Lair of Beasts
  9881 | Lair:1   | Noticed a cane toad
  9881 | Lair:1   | Noticed a cane toad
  9886 | Lair:1   | Noticed a cane toad
  9896 | Lair:1   | Found a transporter.
  9900 | Lair:1   | Noticed a five-headed hydra
  9903 | Lair:1   | Noticed robertstho's ghost (journeyman MiBe)
  9903 | Lair:1   | Noticed a cane toad
  9954 | D:8      | HP: 2/94 [komodo dragon (16)]
 10366 | D:8      | Reached XP level 11. HP: 91/101 MP: 3/10
 10962 | Lair:1   | Noticed a five-headed hydra
 10987 | Lair:1   | Killed a one-headed hydra
 11097 | Lair:1   | HP: 1/102 [cane toad (15)]
 11962 | Lair:1   | Found a transporter.
 12946 | Lair:2   | Reached *** piety under Makhleb
 13115 | Lair:2   | Noticed a bog body
 13124 | Lair:2   | Killed a bog body
 13361 | Lair:2   | Noticed a bog body
 13369 | Lair:2   | Killed a bog body
 13377 | Lair:2   | Noticed a bog body
 13385 | Lair:2   | Noticed a bog body
 13388 | Lair:2   | Killed a bog body
 13389 | Lair:2   | Reached skill level 10 in Maces & Flails
 13389 | Lair:2   | Reached XP level 12. HP: 81/113 MP: 3/11
 13476 | Lair:2   | Found a staircase to the Swamp.
 13754 | Lair:3   | Noticed a death yak
 13755 | Lair:3   | Noticed a death yak
 13756 | Lair:3   | Noticed a death yak
 14170 | Lair:3   | Killed a death yak
 14203 | Lair:2   | Killed a death yak
 14278 | Lair:2   | Killed a death yak
 14604 | Lair:3   | Reached **** piety under Makhleb
 14830 | Lair:4   | Reached skill level 10 in Dodging
 14845 | Lair:4   | Noticed a four-headed hydra
 14856 | Lair:4   | Killed a one-headed hydra
 14974 | Lair:4   | Noticed a six-headed hydra
 15525 | Lair:4   | Found a hole to the Spider Nest.
 15806 | Lair:5   | Reached XP level 13. HP: 117/123 MP: 4/12
 16101 | Lair:5   | Reached ***** piety under Makhleb
 16703 | Lair:6   | Entered Level 6 of the Lair of Beasts
 18768 | Lair:6   | Reached skill level 15 in Fighting
 18809 | Lair:6   | Reached skill level 15 in Armour
 18999 | Lair:6   | Reached XP level 14. HP: 131/135 MP: 4/13
 19151 | Lair:6   | Noticed a broodmother
 19179 | Lair:6   | Killed a broodmother
 19530 | Lair:6   | Found a corrupted altar of Lugonu.
 19530 | Lair:6   | Found a one-way gate to the infinite horrors of the Abyss.
 19914 | Lair:6   | Found a viscous altar of Jiyva.
 19915 | Lair:6   | Found a staircase to the Slime Pits.
 20087 | Swamp:1  | Entered Level 1 of the Swamp
 20727 | Swamp:1  | Paralysed by a hornet for 2 turns
 21109 | Swamp:1  | Noticed a fenstrider witch
 21363 | Swamp:1  | Killed a fenstrider witch
 21752 | Swamp:1  | Identified the +0 chain mail "Bevokir" {rC+}
 21998 | Swamp:1  | Mangled by a spriggan berserker

Illustrated notes

Levels and vault maps discovered:
D:1:      dpeg_chamrin_arrival_tetris, layout_basic,
          chequers_ecumenical_altar_simple_redux
D:2:      layout_basic
D:3:      layout_loops_ring, elyvilon_altar_3, amethyst_overflow_temple_binary
D:4:      layout_rooms, nicolae_ru_awakened_eye, uniq_ijyb
D:5:      layout_cave_pools, hangedman_abyss_or_decor_passed, uniq_edmund
D:6:      layout_basic, led_xom_imps, uniq_eustachio
D:7:      lemuel_castle_with_subvaults [lemuel_castle_interior_carwin_2],
          layout_basic, minmay_temple_entry_arrows
D:8:      layout_loops_ring, erik_lair_orcish_takeover, uniq_psyche, uniq_harold
Temple:   regret_index_temple_waves
Lair:1:   layout_gridlike, special_room, nzn_ghost_randoct, grunt_megastairs_2,
          infiniplex_staircase_pool_2
Lair:2:   layout_loops_ring, nicolae_swamp_entry_splash_gauntlet, minivault_19,
          grunt_megastairs_3
Lair:3:   layout_misc_corridors, lemuel_fruit_fields, serial_bayou_shore_a
Lair:4:   layout_gridlike, spider_nest_entry_a, kilobyte_rumbling_trees
Lair:5:   layout_loops_ring, grunt_megastairs_4
Lair:6:   hellmonk_lair_end_abyssal_woods, layout_gridlike, slime_altar_1,
          hibernation_bobbens
Swamp:1:  layout_falls_marsh, evilmike_swamp_ruin_house_1, swamp_pool2,
          grunt_witch_cave
Swamp:2:  layout_basic_swamp, evilmike_swamp_ruin_wall,
          infiniplex_staircase_pool

Skill      XL: |  1  2  3  4  5  6  7  8  9 10 11 12 13 14 |
---------------+-------------------------------------------+-----
Armour         | 4 5 6 7 9 10 12 13 15 | 15.7
Shields        | 4 5 6 7 8 |  8.7
Fighting       | 4 5 6 7 9 10 12 13 15 | 15.7
Axes           | 3 4 6 |  6.6
Maces & Flails | 2 5 7 10 11 13 | 13.6
Dodging        | 1 4 6 8 10 12 | 12.7

Action                   |  1- 3 |  4- 6 |  7- 9 | 10-12 | 13-15 || total
-------------------------+-------+-------+-------+-------+-------++-------
Melee: War axe           |    70 |    89 |    72 |       |       ||   231
       Headbutt          |     6 |    14 |    54 |   171 |   182 ||   427
       Mace              |       |       |   159 |   645 |   610 ||  1414
       Hand axe          |       |       |       |    35 |    70 ||   105
Throw: Dart              |       |       |     3 |    10 |       ||    13
       Throwing net      |       |       |       |     1 |       ||     1
Invok: Lesser Servant of |       |       |       |       |     1 ||     1
Evoke: Wand              |       |     1 |     6 |    25 |    14 ||    46
  Use: Scroll            |       |     4 |     1 |    16 |     6 ||    27
       Potion            |       |     1 |       |     7 |     5 ||    13
 Stab: Paralysed         |       |       |     7 |     6 |       ||    13
       Held in net/web   |       |       |       |     1 |       ||     1
Armor: Scale mail        |    19 |    29 |    13 |       |       ||    61
       Chain mail        |       |       |    63 |    32 |       ||    95
       Plate armour      |       |       |       |   177 |   327 ||   504
Dodge: Dodged            |    24 |    34 |    80 |   160 |   279 ||   577
Block: Buckler           |     9 |    16 |    54 |       |       ||    79
       Kite shield       |       |       |     3 |   283 |   414 ||   700
